 Dungeon Crawl Stone Soup version 0.29.1-1-gd02db69 (webtiles) character file.

Game seed: 2374345248011724919

113 Timinator the Insei (level 4, -1/52 HPs)
             Began as a Demigod Transmuter on Dec 22, 2022.
             Slain by Robin
             ... wielding a +0 trident
              (4 damage)
             ... on level 3 of the Dungeon.
             The game lasted 00:08:51 (2879 turns).

Timinator the Insei (Demigod Transmuter)            Turns: 2879, Time: 00:08:51

Health: -1/52      AC: 22    Str: 11    XL:     4   Next: 39%
Magic:  10/10      EV:  2    Int: 15    God:
Gold:   119        SH:  5    Dex: 18    Spells: 6/7 levels left

rFire   . . .      SeeInvis .     - Unarmed
rCold   . . .      Faith    .   (no shield)
rNeg    . . .      Spirit   .   (body armour currently unavailable)
rPois   +          Reflect  +   (helmet currently unavailable)
rElec   .          Harm     .   (cloak currently unavailable)
rCorr   .          Rampage  .   (gloves currently unavailable)
Will    .....      NoTele   +   (boots currently unavailable)
Stlth   ++........              m - amulet of reflection
HPRegen 0.17/turn               (no ring)
MPRegen 0.12/turn               (no ring)

@: tree-form
A: stationary, stasis, torment immunity, boosted hp, high MP 1, forlorn, divine
attributes
a: no special abilities


You were on level 3 of the Dungeon.
You were a tree.
You visited 1 branch of the dungeon, and saw 3 of its levels.

You collected 119 gold pieces.

Inventory:

Armour
 a - a +2 cloak
 d - a +1 pair of boots (melded)
 h - a +0 leather armour (melded)
Jewellery
 m - an amulet of reflection (around neck)
Wands
 n - a wand of quicksilver (6)
Scrolls
 f - a scroll of enchant armour {unknown}
 j - 2 scrolls of immolation {unknown}
 r - a scroll of brand weapon {unknown}
 s - a scroll of enchant weapon {unknown}
Potions
 c - 3 potions of curing
 e - 2 potions of flight {unknown}
 g - 2 potions of haste
 i - a potion of mutation {unknown}
 k - a potion of brilliance {unknown}
 l - a potion of heal wounds {unknown}
 p - 2 potions of might
 q - a potion of degeneration {unknown}


   Skills:
 * Level 1.5 Fighting
 * Level 1.0 Armour
 * Level 2.2 Dodging
 + Level 3.3 Unarmed Combat
 + Level 2.2 Spellcasting
 * Level 2.7 Transmutations


You had 6 spell levels left.
You knew the following spells:

 Your Spells              Type           Power      Damage    Failure   Level
a - Beastly Appendage     Tmut           18%        N/A       7%          1

Your spell library contained the following spells:

 Spells                   Type           Power      Damage    Failure   Level
 Wereblood                Tmut           9%         N/A       11%         2
 Static Discharge         Conj/Air       1%         3-4/arc   32%         2
 Spider Form              Tmut/Pois      5%         N/A       36%         3
 Dazzling Flash           Conj/Hex       2%         N/A       54%         3
 Ice Form                 Ice/Tmut       5%         N/A       77%         4
 Dispel Undead            Necr           1%         3d6       91%         4
 Sticky Flame             Conj/Fire      1%         2d3       91%         4
 Agony                    Necr           1%         N/A       99%         5
 Silence                  Hex/Air        0%         N/A       99%         5


Dungeon Overview and Level Annotations

Branches:
Dungeon (3/15)

Shops:
D:3 *

Annotations:
D:3 Robin


Innate Abilities, Weirdness & Mutations

You are a tree.
Your roots penetrate the ground, keeping you stationary.
You cannot be teleported.
You are immune to unholy pain and torment.
Your maximum health is greatly increased.
Your equipment is partially melded.
You have an increased reservoir of magic. (+10% MP)
You shall have no god before yourself.
Your divine heritage dramatically boosts your attributes as you level up.


Message History

You hit the goblin but do no damage.
The goblin is moderately wounded.
You feel sick.
You are no longer poisoned.
The goblin no longer looks unusually strong.
The goblin hits you but does no damage. x2
You smack the goblin!
You kill the goblin!
The goblin no longer looks unusually strong.
The goblin hits you but does no damage.
You smack the goblin!
You kill the goblin!
Casting: Beastly Appendage (safe; 7% risk of failure)
Confirm with . or Enter, or press ? or * to list all spells.
You don't know that spell.
You smack the goblin!
You kill the goblin!
The hobgoblin no longer looks unusually strong.
Robin roars a battlecry!
The hobgoblin goes into a battle-frenzy!
You smack the hobgoblin!
You kill the hobgoblin!
You hit the hobgoblin.
The hobgoblin is almost dead.
The hobgoblin hits you.
* * * LOW HITPOINT WARNING * * *
Robin hits you but does no damage.
You hit the hobgoblin but do no damage.
The hobgoblin is almost dead.
Robin says, "Kneel, worm!"
You block Robin's attack.
The hobgoblin hits you but does no damage.
You barely miss the hobgoblin.
The hobgoblin is almost dead.
The hobgoblin hits you but does no damage.
Robin drinks a potion.
Robin seems to grow stronger.
You smack the hobgoblin!
You kill the hobgoblin!
Robin hits you from afar with a +0 trident.
You die...

#### ## #.#
.###########.. #.#
.............. ...
.......##### #.#
######.# #.# # #.#
#.# #### #.#
#######)# ...#
#.###......♣# ##.#
#.........##)......
##.###.###.###.#
g#####. .......#
#.# #.# .. ##.###.#
#.# #=# ... #.# #.#
#.. ... .... #.#
#.# ### #.# .....
##.# #.# #.# .....#
...# #..


You could see Robin (strong).

Vanquished Creatures
  Terence (D:3)
  An adder (D:2)
  3 worms
  2 dart slugs (D:1)
  An orc (D:3)
  A ball python (D:1)
  5 endoplasms
  2 giant cockroaches
  14 goblins
  8 hobgoblins
  6 kobolds
  3 quokkas
  4 bats
  3 frilled lizards
  5 rats
59 creatures vanquished.

Notes
Turn   | Place    | Note
-------+----------+-------------------------------------------
     0 | D:1      | Timinator the Demigod Transmuter began the quest for the
                  | Orb.
     0 | D:1      | Reached XP level 1. HP: 15/15 MP: 5/5
   196 | D:1      | Reached skill level 1 in Fighting
   470 | D:1      | Reached XP level 2. HP: 20/23 MP: 5/7
   614 | D:1      | Reached skill level 3 in Unarmed Combat
  1431 | D:2      | Reached XP level 3. HP: 28/28 MP: 6/8
  2261 | D:3      | Found Zin's Purification Station.
  2374 | D:3      | Noticed Terence
  2384 | D:3      | HP: 1/42 [Terence/+0 falchion (3)]
  2385 | D:3      | Killed Terence
  2386 | D:3      | Reached XP level 4. HP: 2/35 MP: 10/10
  2795 | D:3      | Reached skill level 1 in Armour
  2856 | D:3      | Noticed Robin
  2879 | D:3      | Slain by Robin

Illustrated notes

Levels and vault maps discovered:
D:1:      amcnicky_arrival_gap_in_the_tavern_cellar, layout_loops_ring,
          chequers_ecumenical_altar_island, feat_on_display
D:2:      layout_loops_ring, basic_altar, corexii_item_surrounded_by_moat,
          kennysheep_generic_room_7
D:3:      layout_loops_corners, zin_purify, uniq_terence, uniq_robin

Skill      XL: |  1  2  3  4 |
---------------+-------------+-----
Fighting       | 1 |  1.5
Transmutations | 2 |  2.7
Dodging        | 2 |  2.2
Unarmed Combat | 3 |  3.3
Spellcasting   | 2 |  2.2
Armour         | 1 |  1.0

Action                   |  1- 3 |  4- 6 || total
-------------------------+-------+-------++-------
Melee: Unarmed           |   120 |    33 ||   153
       Headbutt          |    13 |     1 ||    14
       Kick              |    27 |     5 ||    32
       Punch             |       |     1 ||     1
 Cast: Beastly Appendage |    31 |     3 ||    34
  Use: Potion            |     2 |     1 ||     3
       Scroll            |     1 |     1 ||     2
 Stab: Distracted        |     1 |       ||     1
       Sleeping          |     1 |       ||     1
Armor: Robe              |     6 |       ||     6
       Leather armour    |    11 |     5 ||    16
       Skin              |     1 |    10 ||    11
Dodge: Dodged            |    49 |     6 ||    55
Block: Other             |       |    10 ||    10
